 Dungeon Crawl Stone Soup version 0.31-a0-161-gb58dd9be76 (webtiles) character file.

Game seed: 11118946800131271912

171329 Drazool the Wrestler (level 18, 0/168 HPs)
             Began as a Ghoul Monk on June 12, 2023.
             Was an Initiate of Gozag.
             Slain by a torpor snail (3 damage)
             ... on level 1 of the Spider Nest.
             The game lasted 01:45:19 (31176 turns).

Drazool the Wrestler (Ghoul Monk)                  Turns: 31176, Time: 01:45:20

Health: 0/168      AC: 25    Str: 23    XL:     18   Next: 1%
Magic:  17/17      EV:  8    Int:  5    God:    Gozag
Gold:   3570       SH: 16    Dex: 11    Spells: 17/17 levels left

rFire   + +          .
                       - Unarmed
rCold   + . .        O - +2 kite shield
rNeg    + + +        J - +0 plate armour of the Arcane {rN+ rCorr Int-2 SInv}
rPois   ∞            t - +2 helmet {SInv}
rElec   .            Y - +2 cloak
rCorr   +            (no gloves)
SInv    +            T - +4 pair of boots of Fouduth {Harm rF+ Int+2}
Will    +....        M - amulet of reflection Stlth
                     v - ring of see invisible
HPRegen 0.00/turn    F - ring of protection from fire
MPRegen 0.15/turn

%: harm (+30% outgoing, +20% incoming), reflection
@: spiked, inhibited regen, slowed, very slow
A: claws 1, cold resistance 1, negative energy resistance 3, inhibited
regeneration, torment resistance 2, devour on kill
a: Renounce Religion, Potion Petition, Call Merchant, Bribe Branch


You were on level 1 of the Spider Nest.
You worshipped Gozag.
Gozag was most pleased with you.
You visited 5 branches of the dungeon, and saw 25 of its levels.
You visited the Abyss 1 time.
You also visited: Sewer, Gauntlet and Ice Cave.

You collected 8973 gold pieces.
You spent 612 gold pieces at shops.
You paid 4791 gold pieces to Gozag.


Innate Abilities, Weirdness & Mutations

You are immune to poison.
You have sharp fingernails.
Your flesh is cold resistant. (rC+)
You are immune to negative energy. (rN+++)
You do not regenerate when monsters are visible.
You are immune to unholy pain and torment.
You thrive by killing the living.


   Skills:
 - Level 16.7 Fighting
 - Level 5.0 Throwing
 + Level 7.9 Armour
 + Level 7.8 Dodging
 - Level 10.0 Stealth
 - Level 7.0 Shields
 + Level 22.5 Unarmed Combat
 - Level 5.0 Evocations


You had 17 spell levels left.
You didn't know any spells.
Your spell library contained the following spells:

 Spells                   Type           Power      Damage    Failure   Level
 Apportation              Tloc           0%         N/A       100%        1
 Slow                     Hex            0%         N/A       100%        1
 Sting                    Tmut/Pois      0%         1d3       100%        1
 Cigotuvi's Dreadful Rot  Necr/Pois/Air  0%         N/A       100%        2
 Ensorcelled Hibernation  Hex/Ice        0%         N/A       100%        2
 Poisonous Vapours        Pois/Air       0%         N/A       100%        2
 Confusing Touch          Hex            0%         N/A       100%        3
 Ignite Poison            Fire/Tmut/Pois 0%         N/A       100%        3
 Inner Flame              Hex/Fire       0%         N/A       100%        3
 Vampiric Draining        Necr           0%         2d6       100%        3
 Volatile Blastmotes      Fire/Tloc      0%         2d10      100%        3
 Anguish                  Hex/Necr       0%         N/A       100%        4
 Animate Armour           Summ/Erth      0%         N/A       100%        4
 Dispel Undead            Necr           0%         3d6       100%        4
 Flame Wave               Conj/Fire      0%         2d4       100%        4
 Fulminant Prism          Conj/Hex       0%         3d5       100%        4
 Iskenderun's Mystic Bla  Conj/Tloc      0%         2d3       100%        4
 Manifold Assault         Tloc           0%         N/A       100%        4
 Olgreb's Toxic Radiance  Pois           0%         N/A       100%        4
 Passage of Golubria      Tloc           0%         N/A       100%        4
 Sticky Flame             Conj/Fire      0%         2d3       100%        4
 Summon Lightning Spire   Summ/Air       0%         N/A       100%        4
 Alistair's Intoxication  Tmut/Pois      0%         N/A       100%        5
 Borgnjor's Vile Clutch   Necr/Erth      0%         N/A       100%        5
 Lee's Rapid Deconstruct  Erth           0%         3d4*      100%        5
 Silence                  Hex/Air        0%         N/A       100%        5
 Death Channel            Necr           0%         N/A       100%        6
 Dispersal                Tloc           0%         N/A       100%        6
 Eringya's Noxious Bog    Tmut/Pois      0%         N/A       100%        6
 Disjunction              Tloc           0%         N/A       100%        8
 Ignition                 Fire           0%         3d3       100%        8
 Lehudib's Crystal Spear  Conj/Erth      0%         10d2      100%        8
 Spider Form              Tmut/Pois      Unusable   N/A       N/A         3
 Blade Hands              Tmut           Unusable   N/A       N/A         5

Inventory:

Missiles
 g - 3 throwing nets {=f}
 o - 17 boomerangs (quivered)
 s - 5 javelins
 w - 7 curare-tipped darts {=f}
 G - 15 poisoned darts
 V - 6 silver javelins
Armour
 c - an orb of light
 k - the +1 ice dragon scales "Evvi" {Harm rF- rC++ rN+ Will+}
   (You found it in an ice cave)

   rF:        It makes you vulnerable to fire.
   rC:        It greatly protects you from cold.
   rN:        It protects you from negative energy.
   Harm:      It increases damage dealt and taken.
   Will:      It increases your willpower.
 t - a +2 helmet of see invisible (worn)
 u - a +0 kite shield of cold resistance
 x - a +1 scale mail of fire resistance
 J - the +0 plate armour of the Arcane (worn) {rN+ rCorr Int-2 SInv}
   (You found it in a Gauntlet)

   Int:       It affects your intelligence (-2).
   rN:        It protects you from negative energy.
   SInv:      It lets you see invisible.
   rCorr:     It protects you from acid and corrosion.
 O - a +2 kite shield (worn)
 Q - a +2 plate armour of cold resistance
 T - the +4 pair of boots of Fouduth (worn) {Harm rF+ Int+2}
   (You found it in a Gauntlet)

   Int:       It affects your intelligence (+2).
   rF:        It protects you from fire.
   Harm:      It increases damage dealt and taken.
 Y - a +2 cloak (worn)
Jewellery
 f - a ring of protection from fire
 v - a ring of see invisible (left claw)
 C - a ring of ice
 F - a ring of protection from fire (right claw)
 M - an amulet of reflection (around neck)
 R - a ring of resist corrosion
Wands
 n - a wand of iceblast (6)
 y - a wand of light (9)
 K - a wand of mindburst (30)
 L - a wand of flame (13)
 N - a wand of digging (2)
 U - a wand of charming (14)
 W - a wand of polymorph (2)
Scrolls
 a - a scroll of summoning
 j - 2 scrolls of vulnerability
 l - a scroll of enchant armour
 z - 2 scrolls of fear
 A - 4 scrolls of revelation
 B - 3 scrolls of poison
 D - 4 scrolls of fog
 E - 3 scrolls of teleportation {@r2}
 P - 4 scrolls of enchant weapon
 S - a scroll of amnesia
 X - a scroll of silence {!r}
 Z - a scroll of torment
Potions
 b - a potion of ambrosia
 d - a potion of attraction
 e - 3 potions of might
 h - 2 potions of invisibility
 i - 3 potions of cancellation
 m - a potion of curing {@q1}
 p - a potion of resistance
 q - a potion of haste {@q3}
 r - 5 potions of magic
 H - 2 potions of lignification
Miscellaneous
 I - a phial of floods

Dungeon Overview and Level Annotations

Branches:
Dungeon (15/15)            Temple (1/1) D:5            Lair (5/5) D:8
  Swamp (0/4) Lair:3       Spider (2/4) Lair:2        Slime (0/5) Lair:5
    Orc (2/2) D:11            Elf (0/3) Orc:2        Vaults (0/5) D:13
 Depths (0/4) D:15          Sewer (visited)           IceCv (visited)
Gauntlet (visited)

Altars:
Ashenzari
Cheibriados
Dithmenos
Fedhas
Gozag
Hepliaklqana
Kikubaaqudgha
Makhleb
Nemelex Xobeh
Okawaru
Qazlal
Ru
Sif Muna
Trog
Uskayaw
Vehumet
Wu Jian
Xom
Yredelemnul

Shops:
D:14 (   Orc:1 !   Orc:2 *!:[

Annotations:
D:10 4 transporters
Lair:3 2 transporters

..##..#..#...###..#.#...####.....
.####.#..#...# #..........###^.##
## ###..#..## ##..#.......###..#
# #.^...# ##.#.......###...
##...## ###.#.....###.....
######..## #.###..........#..
###...##..######..#...........#..
##...###..##...[ww#......#^......
.#...###..#.....@>###^.....#.....
.....##........#ss#..............
...#.#......#..#.>#.....^........
######....#########....#.....##..
###### ###############


You could see a steelbarb worm, a torpor snail, a wolf spider and a tarantella.


Message History

The wolf spider bites you but does no damage.
You block the torpor snail's attack. You block the steelbarb worm's attack.
The tarantella touches you!
* * * LOW HITPOINT WARNING * * *
The wolf spider barely misses you. The wolf spider bites you.
* * * LOW HITPOINT WARNING * * *
Okay, then.
Unknown command.
Use which ability? (? or * to list) [a] - 315 gold - resistance and enlightenment [b] - 231 gold - curing and magic [c] - 351 gold - heal wounds and magic Purchase which effect?
You feel much better. Magic courses through your body.
The tarantella touches you but does no damage.
You block the wolf spider's attack. The wolf spider completely misses you.
The steelbarb worm hits you.
* * * LOW HITPOINT WARNING * * *
Barbed spikes become lodged in your body.
The torpor snail bites you.
* * * LOW HITPOINT WARNING * * *
You block the tarantella's attack.
The steelbarb worm hits you but does no damage.
The wolf spider hits you!
* * * LOW HITPOINT WARNING * * *
The wolf spider bites you.
* * * LOW HITPOINT WARNING * * *
The torpor snail bites you.
You die...
Your body crumbles into a pile of gold.

Skill      XL: |  1  2  3  4  5  6  7  8  9 10 11 12 13 14 15 16 17 |
---------------+----------------------------------------------------+-----
Unarmed Combat | 4 5 6 7 8 9 10 12 14 15 16 18 20 21 22 | 22.5
Armour         | 1 2 3 5 6 7 |  7.9
Dodging        | 3 4 5 6 7 |  7.8
Fighting       | 5 8 9 11 12 15 16 | 16.7
Throwing       | 2 4 5 |  5.0
Shields        | 2 4 6 7 |  7.0
Evocations     | 2 4 5 |  5.0
Stealth        | 1 3 7 10 | 10.0

Action                     |  1- 3 |  4- 6 |  7- 9 | 10-12 | 13-15 | 16-18 || total
---------------------------+-------+-------+-------+-------+-------+-------++-------
  Melee: Unarmed           |    84 |   112 |   234 |   653 |   761 |   852 ||  2696
  Throw: Dart              |       |       |    19 |    18 |     3 |     9 ||    49
         Boomerang         |       |       |     2 |    21 |    66 |     7 ||    96
         Javelin           |       |       |       |       |     1 |     1 ||     2
 Invoke: Potion Petition   |       |       |       |     2 |     2 |     8 ||    12
  Evoke: Wand              |       |       |    10 |     7 |    14 |    19 ||    50
         Phial of floods   |       |       |       |       |       |     1 ||     1
    Use: Scroll            |       |     3 |     6 |     7 |    10 |    12 ||    38
         Potion            |       |     5 |       |     6 |     2 |    25 ||    38
   Stab: Distracted        |       |       |     1 |     3 |     7 |     3 ||    14
         Invisible         |       |       |       |     6 |       |     4 ||    10
 Armour: Robe              |     5 |     8 |       |       |       |       ||    13
         Chain mail        |       |     7 |     6 |       |       |       ||    13
         Ring mail         |       |     7 |       |       |       |       ||     7
         Scale mail        |       |       |    50 |   111 |     1 |       ||   162
         Ice dragon scales |       |       |       |       |   197 |    77 ||   274
         Plate armour      |       |       |       |       |       |   325 ||   325
  Dodge: Dodged            |    31 |    41 |    85 |   177 |   184 |   245 ||   763
  Block: Buckler           |       |       |    19 |    27 |       |       ||    46
         Kite shield       |       |       |       |   272 |   489 |   683 ||  1444
         Reflection        |       |       |       |     4 |    58 |    34 ||    96

Levels and vault maps discovered:
D:1:      sevenhm_arrival_forest_fort_large_2, layout_rooms, minmay_unequal
D:2:      layout_basic
D:3:      layout_loops_ring, portal_sewer_entry_b
D:4:      layout_basic, uniq_sigmund
D:5:      layout_cave_pools, minmay_temple_entry_nine_rooms
D:6:      layout_rooms, uniq_blork_the_orc
D:7:      layout_gridville, worldfamousw_hep_ancestral_shrine
D:8:      layout_gridville, david_lair_shrubbed, uniq_prince_ribbit1
D:9:      layout_basic, hangedman_abyss_or_decor_stagger,
          hangedman_decor_clover_reticule
D:10:     layout_cave_pools, nicolae_diode_quadrants
D:11:     layout_small_grid
D:12:     layout_cave_pods, serial_bayou, serial_bayou_shore_a,
          serial_bayou_crossing, serial_bayou_pond_d, serial_bayou_pond_d
D:13:     layout_irregular_city, lightli_vaults_fourway_checkpoint, uniq_rupert,
          uniq_azrael, uniq_frances
D:14:     layout_basic, serial_shops, shop, okawaru_metal_pillars_1_2,
          gauntlet_entry_generic
D:15:     hangedman_depths_entry_civil_slaughter, layout_rooms
Temple:   nicolae_temple_the_god_donut
Lair:1:   beast_lair_carwin_large_3, layout_cellular_growth, wad_woods_road_02,
          infiniplex_staircase_pool_2
Lair:2:   layout_regular_city, hellmonk_spider_entry_not_the_bees,
          portal_ice_cave_rime, st_stairs_11, minmay_stone_trees_small,
          serial_bayou_shore_b, grunt_megastairs_4, lemuel_fruit_fields,
          lemuel_fruit_tree, uniq_nergalle
Lair:3:   gammafunk_cloud_chamber, layout_regular_city, swamp_mist, uniq_nessos
Lair:4:   layout_concentric_octagons, grunt_megastairs_5, uniq_urug
Lair:5:   gammafunk_lair_ancient_temple, layout_regular_city,
          nicolae_slime_entry_slimehenge, disabler_island, uniq_sonja
Spider:1: nicolae_spider_corner, uniq_nikola
Spider:2: layout_spider_delve
Orc:1:    layout_diamond_mine, serial_shops, shop, mines4_lemuel
Orc:2:    st_orc_rangers, layout_caves

Notes
Turn   | Place    | Note
-------+----------+-------------------------------------------
     0 | D:1      | Drazool the Ghoul Monk began the quest for the Orb.
     0 | D:1      | Reached XP level 1. HP: 19/19 MP: 0/0
   186 | D:1      | Reached XP level 2. HP: 26/26 MP: 1/1
   261 | D:1      | Reached skill level 4 in Unarmed Combat
   541 | D:1      | Reached XP level 3. HP: 25/31 MP: 2/2
   753 | D:2      | Reached skill level 5 in Unarmed Combat
   950 | D:2      | Reached XP level 4. HP: 38/38 MP: 3/3
  1209 | D:3      | Noticed a black bear
  1219 | D:3      | HP: 1/38 [black bear (4)]
  1220 | D:3      | Killed a black bear
  1221 | D:3      | Reached skill level 6 in Unarmed Combat
  1221 | D:3      | Reached XP level 5. HP: 2/45 MP: 4/4
  1465 | D:3      | Found a glowing drain.
  1475 | Sewer    | Entered a sewer
  1651 | Sewer    | Reached skill level 7 in Unarmed Combat
  1651 | Sewer    | Reached XP level 6. HP: 50/51 MP: 5/5
  1656 | Sewer    | Found a viscous altar of Jiyva.
  2652 | D:4      | Noticed Sigmund
  2653 | D:4      | Identified 3 potions of resistance
  2665 | D:4      | Killed Sigmund
  2666 | D:4      | Reached skill level 1 in Armour
  2666 | D:4      | Reached skill level 3 in Dodging
  2666 | D:4      | Reached skill level 8 in Unarmed Combat
  2666 | D:4      | Reached XP level 7. HP: 50/57 MP: 6/6
  3472 | D:5      | Entered Level 5 of the Dungeon
  3636 | D:5      | Reached skill level 2 in Armour
  3799 | D:5      | Reached skill level 9 in Unarmed Combat
  3799 | D:5      | Reached XP level 8. HP: 38/63 MP: 7/7
  4027 | D:5      | Found a staircase to the Ecumenical Temple.
  4075 | Temple   | Entered the Ecumenical Temple
  4337 | Temple   | Became a worshipper of Gozag Ym Sagoz the Greedy
  4523 | D:6      | Reached skill level 4 in Dodging
  4638 | D:6      | Reached skill level 3 in Armour
  4681 | D:6      | Noticed Blork the orc
  4693 | D:6      | Killed Blork the orc
  4699 | D:6      | Reached skill level 10 in Unarmed Combat
  4982 | D:6      | Reached XP level 9. HP: 70/70 MP: 8/8
  5237 | D:6      | Reached skill level 5 in Dodging
  5248 | D:6      | Reached skill level 4 in Armour
  5420 | D:7      | Reached skill level 4 in Fighting
  5491 | D:7      | Noticed a two-headed ogre
  5507 | D:7      | Killed a two-headed ogre
  5508 | D:7      | Reached skill level 11 in Unarmed Combat
  5548 | D:7      | Found a hazy altar of Hepliaklqana.
  5695 | D:7      | Reached skill level 5 in Fighting
  5764 | D:7      | Reached skill level 5 in Armour
  5818 | D:6      | Reached skill level 12 in Unarmed Combat
  6177 | D:7      | Reached XP level 10. HP: 77/83 MP: 9/9
  6366 | D:7      | Identified the ring of Ceboares {rPois rN+}
  6525 | D:7      | Reached skill level 6 in Fighting
  6826 | D:8      | Found a staircase to the Lair.
  6993 | D:8      | Reached skill level 13 in Unarmed Combat
  7093 | D:8      | Noticed Prince Ribbit
  7102 | D:8      | Killed Prince Ribbit
  7471 | D:9      | Reached skill level 7 in Fighting
  7906 | D:9      | Reached skill level 14 in Unarmed Combat
  8114 | D:9      | Reached skill level 8 in Fighting
  8120 | D:9      | Reached XP level 11. HP: 62/94 MP: 10/10
  8351 | D:10     | Entered Level 10 of the Dungeon
  8361 | D:10     | Noticed a two-headed ogre
  8371 | D:10     | Killed a two-headed ogre
  8601 | D:10     | Reached skill level 15 in Unarmed Combat
  8801 | D:10     | Noticed a two-headed ogre
  8814 | D:10     | Killed a two-headed ogre
  8815 | D:10     | Reached skill level 9 in Fighting
  8838 | D:10     | Found a transporter.
  8839 | D:10     | Found a transporter.
  8841 | D:10     | Found a transporter.
  8870 | D:10     | Found a transporter.
  9304 | Lair:1   | Entered Level 1 of the Lair of Beasts
  9524 | Lair:1   | Reached skill level 1 in Throwing
  9524 | Lair:1   | Reached skill level 1 in Shields
  9524 | Lair:1   | Reached skill level 1 in Evocations
  9594 | Lair:1   | Noticed a death yak
  9594 | Lair:1   | Noticed a death yak
  9605 | Lair:1   | Noticed a death yak
  9606 | Lair:1   | Noticed a death yak
  9617 | Lair:1   | Killed a death yak
  9629 | Lair:1   | Killed a death yak
  9990 | D:8      | Killed a death yak
 10002 | D:8      | Killed a death yak
 10003 | D:8      | Reached skill level 2 in Throwing
 10003 | D:8      | Reached skill level 2 in Shields
 10003 | D:8      | Reached skill level 2 in Evocations
 10210 | Lair:1   | Reached XP level 12. HP: 102/104 MP: 11/11
 10541 | Lair:1   | Reached skill level 16 in Unarmed Combat
 10681 | Lair:1   | Reached skill level 3 in Throwing
 10681 | Lair:1   | Reached skill level 6 in Armour
 10697 | Lair:1   | Reached skill level 3 in Shields
 10787 | Lair:1   | Reached skill level 6 in Dodging
 10901 | Lair:1   | Reached skill level 3 in Evocations
 11297 | Lair:2   | Found a hole to the Spider Nest.
 11560 | Lair:2   | Found a frozen archway.
 11579 | IceCv    | Entered an ice cave
 11713 | IceCv    | HP: 9/104 [slime creature (15)]
 11719 | IceCv    | HP: 10/104 [large slime creature (14)]
 11726 | IceCv    | HP: 5/104 [slime creature (5)]
 12662 | IceCv    | Reached skill level 4 in Throwing
 12665 | IceCv    | Reached skill level 4 in Shields
 12983 | IceCv    | Reached skill level 4 in Evocations
 13041 | IceCv    | Found a viscous altar of Jiyva.
 13041 | IceCv    | Noticed an azure jelly
 13050 | IceCv    | Killed an azure jelly
 13051 | IceCv    | Reached XP level 13. HP: 86/111 MP: 12/12
 13218 | IceCv    | Identified the +1 ice dragon scales "Evvi" {Harm rF- rC++
                  | rN+ Will+}
 13356 | Lair:2   | Reached skill level 7 in Armour
 13443 | Lair:2   | Reached skill level 17 in Unarmed Combat
 13614 | Lair:2   | Reached skill level 7 in Dodging
 13649 | Lair:2   | Reached skill level 5 in Throwing
 13650 | Lair:2   | Reached skill level 5 in Shields
 13813 | Lair:2   | Noticed Nergalle
 13825 | Lair:2   | Killed Nergalle
 13826 | Lair:2   | Reached skill level 5 in Evocations
 14288 | Lair:3   | Found a transporter.
 14379 | Lair:3   | Found a transporter.
 14524 | Lair:3   | Found a staircase to the Swamp.
 14631 | Lair:3   | Reached skill level 18 in Unarmed Combat
 14697 | Lair:3   | Reached skill level 6 in Shields
 14717 | Lair:3   | Noticed Nessos
 14723 | Lair:3   | Killed Nessos
 15673 | Lair:4   | Reached XP level 14. HP: 118/118 MP: 13/13
 15747 | Lair:4   | Noticed Urug
 15755 | Lair:4   | Killed Urug
 15860 | Lair:4   | Reached skill level 7 in Shields
 16329 | Lair:5   | Entered Level 5 of the Lair of Beasts
 16341 | Lair:4   | Reached skill level 19 in Unarmed Combat
 16554 | Lair:5   | Found a staircase to the Slime Pits.
 16761 | Lair:5   | Noticed Sonja
 17002 | Lair:5   | Reached skill level 20 in Unarmed Combat
 17914 | Lair:5   | Killed Sonja
 18326 | D:11     | Found a staircase to the Orcish Mines.
 18689 | D:11     | Reached skill level 1 in Stealth
 18885 | D:11     | Identified a potion of experience
 18890 | D:11     | Reached skill level 11 in Fighting
 18890 | D:11     | Reached XP level 15. HP: 130/130 MP: 14/14
 18900 | Orc:1    | Entered Level 1 of the Orcish Mines
 18983 | Orc:1    | Found Oxopt's Distillery.
 19067 | Orc:1    | Bought a potion of resistance for 150 gold pieces
 19067 | Orc:1    | Bought a potion of heal wounds for 75 gold pieces
 19067 | Orc:1    | Bought a potion of might for 60 gold pieces
 19067 | Orc:1    | Bought a potion of heal wounds for 75 gold pieces
 19067 | Orc:1    | Bought a potion of might for 60 gold pieces
 19174 | Orc:2    | Entered Level 2 of the Orcish Mines
 19184 | Orc:2    | Reached skill level 2 in Stealth
 19464 | Orc:2    | Reached skill level 12 in Fighting
 19483 | Orc:2    | Reached skill level 3 in Stealth
 19828 | Orc:2    | Reached XP level 16. HP: 115/139 MP: 15/15
 20133 | Orc:2    | Found Odeidifo's Book Shoppe.
 20133 | Orc:2    | Found Xayq Wipt's Distillery.
 20136 | Orc:2    | Found Xassotee's Armour Emporium.
 20139 | Orc:2    | Found Famyucef's Assorted Antiques.
 20151 | Orc:2    | Bought a scroll labelled EJALYE METU for 32 gold pieces
 20151 | Orc:2    | Bought a shiny copper ring for 160 gold pieces
 20253 | Orc:2    | Found a staircase to the Elven Halls.
 20732 | D:12     | Reached skill level 4 in Stealth
 21213 | D:12     | Reached skill level 21 in Unarmed Combat
 21934 | D:13     | Found a gate to the Vaults.
 21996 | D:13     | Reached skill level 13 in Fighting
 21996 | D:13     | Reached skill level 5 in Stealth
 22544 | D:13     | Noticed Rupert
 22557 | D:13     | Killed Rupert
 22675 | D:13     | Noticed Azrael
 22759 | D:13     | Killed Azrael
 23503 | D:13     | Noticed Frances
 23511 | D:13     | Killed Frances
 23512 | D:13     | Reached skill level 6 in Stealth
 23757 | D:14     | Found an iron altar of Okawaru.
 23773 | D:14     | Found a gate leading to a gauntlet.
 23784 | Gauntlet | Entered a Gauntlet
 23784 | Gauntlet | Found a transporter.
 23797 | Gauntlet | Found a transporter.
 23809 | Gauntlet | Found a transporter.
 23814 | Gauntlet | Found a transporter.
 23829 | Gauntlet | Found a transporter.
 23848 | Gauntlet | Found a transporter.
 23860 | Gauntlet | Found a transporter.
 23872 | Gauntlet | Found a transporter.
 23884 | Gauntlet | Found a transporter.
 23896 | Gauntlet | Found a transporter.
 23915 | Gauntlet | Found a transporter.
 23930 | Gauntlet | Found a transporter.
 23932 | Gauntlet | Found a transporter.
 23957 | Gauntlet | Found a transporter.
 23959 | Gauntlet | Found a transporter.
 23979 | Gauntlet | Found a transporter.
 24057 | Gauntlet | Found a transporter.
 24091 | Gauntlet | Found a transporter.
 24623 | Gauntlet | Identified the +0 plate armour of the Arcane {rN+ rCorr
                  | Int-2 SInv}
 24634 | Gauntlet | Reached skill level 14 in Fighting
 24707 | Gauntlet | Identified the +4 pair of boots of Fouduth {Harm rF+ Int+2}
 24930 | Gauntlet | Got Jocvi's Almanac of Contaminants and Maleficia
 25036 | D:14     | You are cast into the Abyss!
 25036 | Abyss:2  | Cast into level 2 of the Abyss (a wizard)
 25043 | Abyss:2  | Found a corrupted altar of Lugonu.
 25257 | Abyss:2  | Reached skill level 7 in Stealth
 25472 | Abyss:2  | Noticed a tentacled starspawn
 25537 | Abyss:2  | Found a corrupted altar of Lugonu.
 25546 | Abyss:2  | Noticed a lich
 25566 | Abyss:2  | Killed a lich
 26038 | D:14     | You pass through the gate.
 26038 | D:14     | Escaped the Abyss
 26278 | D:14     | Found Guaquwoc's Antique Weapon Boutique.
 26499 | D:15     | Entered Level 15 of the Dungeon
 26520 | D:14     | Reached skill level 15 in Fighting
 26674 | D:14     | Reached XP level 17. HP: 139/156 MP: 16/16
 26718 | D:14     | Reached skill level 8 in Stealth
 26898 | D:15     | HP: 12/156 [ogre mage/bolt of magma (12)]
 27997 | D:15     | Found a staircase to the Depths.
 28059 | D:15     | Reached skill level 9 in Stealth
 28304 | Spider:1 | Entered Level 1 of the Spider Nest
 28677 | Lair:2   | Reached skill level 16 in Fighting
 28677 | Lair:2   | Reached skill level 22 in Unarmed Combat
 29794 | Spider:1 | Reached skill level 10 in Stealth
 30234 | Spider:1 | Noticed Nikola
 30273 | Spider:1 | Killed Nikola
 30990 | Spider:1 | Reached XP level 18. HP: 118/168 MP: 17/17
 31175 | Spider:1 | HP: 5/168 [tarantella (12)]
 31176 | Spider:1 | Slain by a torpor snail

Vanquished Creatures
  Nikola (Spider:1)
  Rupert (D:13)
  A lich (Abyss:2)
  Frances (D:13)
  An azure jelly (IceCv)
  2 emperor scorpions (Spider:1)
  An angel (Abyss:2)
  A cacodemon (Abyss:2)
  A broodmother (Spider:1)
  2 spark wasps (Spider:1)
  Azrael (D:13)
  A minotaur (Gauntlet)
  Nessos (Lair:3)
  An ettin (D:15)
  An entropy weaver (Spider:1)
  4 vault guards
  A merfolk avatar (Lair:5)
  6 hydras
  7 centaur warriors
  An ogre mage (D:15)
  3 radroaches
  A death knight (D:15)
  8 death yaks
  11 two-headed ogres
  Urug (Lair:4)
  A tengu warrior (Gauntlet)
  2 thrashing horrors (Gauntlet)
  10 demonic crawlers
  Sonja (Lair:5)
  Nergalle (Lair:2)
  A sun moth (Lair:2)
  A wretched star (Abyss:2)
  2 skysharks
  A sixfirhy (Abyss:2)
  3 deep trolls
  6 orb spiders (Spider:1)
  2 pharaoh ants
  2 sea snakes (Lair:5)
  2 wizards
  5 orc knights
  4 steelbarb worms
  2 phantasmal warriors (D:14)
  2 orc sorcerers (Orc:1)
  8 wolf spiders
  4 deep elf pyromancers
  11 ugly things
  A mana viper (Abyss:2)
  4 manticores
  8 cyclopes
  2 moths of wrath
  3 torpor snails
  11 elephants (Lair:5)
  23 slime creatures
  A rust devil (Abyss:2)
  An ice statue (IceCv)
  2 smoke demons (Abyss:2)
  A gargoyle (D:11)
  An unseen horror (D:13)
  12 cane toads
  An efreet (D:15)
  A freezing wraith (D:14)
  5 rime drakes
  19 komodo dragons
  2 tengu conjurers (Gauntlet)
  A meliai (shapeshifter) (D:13)
  5 hornets
  7 trolls
  3 polar bears
  A meliai (Lair:2)
  A wind drake (Lair:5)
  4 raiju (Abyss:2)
  9 tarantellas (Spider:1)
  13 dream sheep
  A dream sheep (shapeshifter) (D:13)
  Prince Ribbit (D:8)
  6 large abominations (Abyss:2)
  11 jumping spiders (Spider:1)
  12 blink frogs
  Sigmund (D:4)
  5 culicivoras
  A shadow (D:10)
  A wraith (Abyss:2)
  49 yaks
  4 wyverns
  6 fire elementals (D:13)
  8 basilisks
  A chaos spawn (Abyss:2)
  2 vampire mosquitoes (D:14)
  3 steam dragons
  15 redbacks
  A warg (Lair:1)
  An acid dragon (D:11)
  12 water moccasins
  3 ice beasts
  3 sky beasts
  4 black bears
  36 orc warriors
  12 ogres
  11 wolves
  3 great orb of eyes simulacra (IceCv)
  16 centaurs
  A phantom (D:7)
  6 small abominations
  A kobold brigand (D:8)
  Blork the orc (D:6)
  3 slime creature simulacra (IceCv)
  14 bullfrogs
  A gnoll sergeant (Orc:1)
  A scorpion (D:7)
  5 glowing shapeshifter simulacra (IceCv)
  14 wights
  15 killer bees
  4 electric eels
  5 howler monkeys
  4 hounds
  6 jellies
  12 orc priests
  3 gnoll boudas
  2 starcursed masses (Abyss:2)
  5 iguanas
  26 orc wizards
  A shapeshifter simulacrum (IceCv)
  6 adders
  28 gnolls
  A river rat (D:3)
  3 shadow imps
  4 white imps
  An ufetubus (D:4)
  A worm (D:2)
  3 dart slugs
  64 orcs
  7 endoplasms
  7 giant cockroaches
  7 goblins
  4 hobgoblins
  4 jackals (D:2)
  9 quokkas
  15 ball pythons
  4 bats
  3 frilled lizards
  5 kobolds
  12 rats
820 creatures vanquished.

Vanquished Creatures (collateral kills)
  A rime drake (Lair:1)
1 creature vanquished.

Vanquished Creatures (others)
  A wizard (D:15)
  An ancient zyme (Abyss:2)
  A culicivora (Spider:1)
  2 starspawn tentacles (Abyss:2)
5 creatures vanquished.

Grand Total: 826 creatures vanquished

Table legend: (Time is in decaauts)
 A = Elapsed time spent in this place.
 B = Non-inter-level travel time spent in this place.
 C = Inter-level travel time spent in this place.
 D = Time resting spent in this place.
 E = Time spent auto-exploring this place.
 F = Levels seen in this place.
 G = Mean time per level.
                   A        B        C        D        E       F      G
               +--------+--------+--------+--------+--------+-----+--------+
         Total |  30680 |  29206 |   1474 |   4728 |  17457 |  29 | 1057.9 |
       Dungeon |  15167 |  14167 |   1000 |   2341 |   8964 |  15 | 1011.1 |
        Temple |    283 |    262 |     21 |      0 |    219 |   1 |  283.0 |
          Lair |   7312 |   6953 |    359 |   1033 |   4098 |   5 | 1462.4 |
   Spider Nest |   2074 |   2059 |     15 |      4 |   1568 |   2 | 1037.0 |
  Orcish Mines |   1717 |   1640 |     77 |    311 |    865 |   2 |  858.5 |
         Abyss |    971 |    971 |      0 |    352 |    392 |   1 |  971.0 |
         Sewer |    270 |    270 |      0 |      0 |    129 |   1 |  270.0 |
      Ice Cave |   1714 |   1714 |      0 |    566 |    555 |   1 | 1714.0 |
      Gauntlet |   1168 |   1168 |      0 |    120 |    665 |   1 | 1168.0 |
               +--------+--------+--------+--------+--------+-----+--------+

Top non-repeatable levels by time:
Spider:1: 2067 daAuts
  Lair:2: 1978 daAuts
   IceCv: 1714 daAuts
  Lair:5: 1670 daAuts
    D:12: 1538 daAuts
    D:13: 1530 daAuts
    D:14: 1505 daAuts
  Lair:1: 1501 daAuts
     D:7: 1274 daAuts
  Lair:4: 1251 daAuts
     D:8: 1223 daAuts
Gauntlet: 1168 daAuts
     D:9: 1059 daAuts
     D:4: 1041 daAuts
 Abyss:2: 971 daAuts

Table legend:
 A = Non-vault XP
 B = Vault XP
 C = Vault XP percentage of total XP
 D = Non-vault monster count
 E = Vault monster count
 F = Vault count percentage of total count
                 A         B        C        D         E       F
            +---------+---------+-------+---------+---------+-------
      Total |  132968 |   71606 |  35.0 |     583 |     240 |  29.2
            +---------+---------+-------+---------+---------+-------
        D:1 |      30 |       6 |  16.7 |      16 |       3 |  15.8
        D:2 |      52 |       0 |   0.0 |      20 |       0 |   0.0
        D:3 |     244 |      19 |   7.2 |      19 |       5 |  20.8
        D:4 |     262 |     231 |  46.9 |      15 |       1 |   6.2
        D:5 |     313 |       0 |   0.0 |      13 |       0 |   0.0
        D:6 |    1240 |      99 |   7.4 |      27 |       1 |   3.6
        D:7 |    2405 |       0 |   0.0 |      27 |       0 |   0.0
        D:8 |    2411 |     690 |  22.3 |      11 |       3 |  21.4
        D:9 |    3018 |       0 |   0.0 |      26 |       0 |   0.0
       D:10 |    3226 |       0 |   0.0 |      27 |       0 |   0.0
       D:11 |    2084 |       0 |   0.0 |      12 |       0 |   0.0
       D:12 |    2612 |    1713 |  39.6 |       6 |       2 |  25.0
       D:13 |    5206 |   11986 |  69.7 |      14 |      19 |  57.6
       D:14 |   12441 |     754 |   5.7 |      21 |       1 |   4.5
       D:15 |   12817 |    3582 |  21.8 |      26 |       5 |  16.1
     Lair:1 |    7630 |    1569 |  17.1 |      29 |      12 |  29.3
     Lair:2 |   11737 |    7301 |  38.3 |      36 |      20 |  35.7
     Lair:3 |    6054 |     895 |  12.9 |      24 |       1 |   4.0
     Lair:4 |    7751 |    1758 |  18.5 |      25 |       3 |  10.7
     Lair:5 |    8356 |    8794 |  51.3 |      27 |      27 |  50.0
   Spider:1 |   22816 |   14761 |  39.3 |      46 |      27 |  37.0
      Orc:1 |    4198 |     765 |  15.4 |      45 |      12 |  21.1
      Orc:2 |    3155 |    5563 |  63.8 |      35 |      38 |  52.1
    Abyss:2 |   11055 |       0 |   0.0 |      28 |       0 |   0.0
      Sewer |       0 |     126 | 100.0 |       0 |      22 | 100.0
      IceCv |    1855 |    5914 |  76.1 |       8 |      26 |  76.5
   Gauntlet |       0 |    5080 | 100.0 |       0 |      12 | 100.0
            +---------+---------+-------+---------+---------+-------
